 Dungeon Crawl Stone Soup version 0.27-a0-1200-g94dc6ad (webtiles) character file.

Game seed: 3809234924891982042

74 Meow the Stinger (level 4, 32/36 HPs)
             Began as a Naga Venom Mage on June 1, 2021.
             Quit the game on level 3 of the Dungeon.
             The game lasted 00:07:54 (1965 turns).

Meow the Stinger (Naga Venom Mage)                  Turns: 1965, Time: 00:07:55

Health: 32/36      AC:  2    Str: 10    XL:     4   Next: 30%
Magic:  1/8        EV: 10    Int: 16    God:
Gold:   52         SH:  0    Dex: 12    Spells: 2/9 levels left

rFire    . . .     SeeInvis +   a - +1 trident (flame)
rCold    . . .     Faith    .   (no shield)
rNeg     . . .     Spirit   .   k - +0 robe
rPois    +         Reflect  .   (no helmet)
rElec    .         Harm     .   (no cloak)
rCorr    .         Rampage  .   (no gloves)
Will     .....                  (no barding)
Stlth    ++........             (no amulet)
HPRegen  0.12/turn              (no ring)
MPRegen  0.11/turn              (no ring)

@: short of breath, very slow
A: AC +1, large, see invisible, deformed body, poison resistance, slowness 2,
spit poison 1, naga tail 1
a: Spit Poison


You were on level 3 of the Dungeon.
You visited 1 branch of the dungeon, and saw 3 of its levels.

You collected 52 gold pieces.

Inventory:

Hand Weapons
 a - a +1 trident of flaming (weapon)
Missiles
 c - 64 stones (quivered)
 d - 11 poisoned darts
Armour
 k - a +0 robe (worn)
Jewellery
 b - a ring of fire
Scrolls
 h - a scroll of amnesia
 l - a scroll of holy word
 m - 2 scrolls of blinking {unknown}
Potions
 e - a potion of haste {unknown}
 f - a potion of attraction {unknown}
 g - a potion of might {unknown}
 i - a potion of degeneration {unknown}
 j - 2 potions of curing
 n - a potion of flight {unknown}
 o - a potion of heal wounds {unknown}


   Skills:
 - Level 1.5 Dodging
 - Level 3.0 Stealth
 + Level 3.2 Spellcasting
 + Level 2.5 Conjurations
 - Level 1.0 Transmutations
 - Level 4.0 Poison Magic


You had 2 spell levels left.
You knew the following spells:

 Your Spells              Type           Power      Damage    Failure   Level
a - Sting                 Tmut/Pois      40%        1d5       7%          1
c - Mephitic Cloud        Conj/Pois/Air  9%         N/A       22%         3
C - Ignite Poison         Fire/Tmut/Pois 7%         N/A       28%         3

Your spell library contained the following spells:

 Spells                   Type           Power      Damage    Failure   Level
 Poisonous Vapours        Pois/Air       18%        N/A       12%         2
 Olgreb's Toxic Radiance  Pois           15%        N/A       34%         4


Dungeon Overview and Level Annotations

Branches:
Dungeon (3/15)

Altars:

Shops:
D:2 [


Innate Abilities, Weirdness & Mutations

Your serpentine skin is tough. (AC +1)
You have supernaturally acute eyesight. (SInv)
Armour fits poorly on your strangely shaped body.
Your system is resistant to poisons. (rPois)
You cover ground very slowly.
You can spit poison.
You have a snake-like lower body.


Message History

Confirm with . or Enter, or press ? or * to list all spells.
The spell is quite dangerous to cast (24% risk of failure)!
Continue anyway?
Aiming: Mephitic Cloud (quite dangerous; 24% risk of failure)
Press: ? - help, Shift-Dir - straight line The ball explodes into a vile cloud!
The stinking cloud engulfs you but does no damage.
The stinking cloud engulfs the frilled lizard but does no damage.
The stinking cloud engulfs the orc wizard but does no damage.
You hear a shout!
You hear an angry hiss.
The bat closely misses you.
The frilled lizard is engulfed in noxious fumes.
The frilled lizard appears confused.
You kill the frilled lizard!
The orc wizard is engulfed in noxious fumes.
The orc wizard appears confused.
The bat barely misses you.
Unknown command.
Press: ? - help, Shift-Dir - straight line, f - bat
Aim: a bat The splash of poison hits the bat.
You kill the bat!
Your Spellcasting skill increases to level 3!
Unknown command.
Reach: a) +1 trident (flame)
Press: ? - help, Dir - move target, f - orc wizard
Aim: an orc wizard, wielding a +0 dagger and wearing a +0 robe (noxious fumes, lightly wounded, confused, about 29% to evade your +1 trident of flaming)
You reach to attack!
You hit the orc wizard. You burn the orc wizard.
The orc wizard is moderately wounded.
The orc wizard is engulfed in noxious fumes.
The orc wizard appears confused.
You hit the orc wizard. You burn the orc wizard.
The orc wizard is almost dead.
The orc wizard is engulfed in noxious fumes.
The orc wizard appears confused.
The orc wizard hits you with a +0 dagger.
The orc wizard is engulfed in noxious fumes.
The orc wizard appears confused.
You kill the orc wizard!
You have reached level 4!
You feel agile.
Are you sure you want to abandon this character and quit the game? (Confirm with "yes".)

######### #.......##### ##
#...#.......#####..
#...#.#.###.##.##.#
#.).#.#...# #...#.#
#.#.#.#.#.# #..##.#
####.#.......# #...#.#
.........#.#.#.#..##.## #
####.#...#.#.#.†@†o)..# . .
####.#...#.#.####)##..# .. .
'........#.####...°...# o.. .
####.#.###.####.#.....# ....
. ................#..#..#
o.... .
###.#.#...............#......
.
........##......##...........
.
.##.#...###....###...........
.
.#....>..###..###............


You could see an orc.

Vanquished Creatures
  An orc wizard (D:3)
  2 worms (D:2)
  A dart slug (D:2)
  5 orcs
  2 ball pythons
  3 bats
  6 endoplasms
  A giant cockroach (D:1)
  A goblin (D:2)
  5 hobgoblins
  A quokka (D:2)
  3 frilled lizards
  2 kobolds
33 creatures vanquished.

Notes
Turn   | Place    | Note
-------+----------+-------------------------------------------
     0 | D:1      | Meow the Naga Venom Mage began the quest for the Orb.
     0 | D:1      | Reached XP level 1. HP: 15/15 MP: 3/3
   376 | D:1      | Reached skill level 1 in Conjurations
   376 | D:1      | Reached XP level 2. HP: 22/22 MP: 5/5
  1122 | D:2      | Found a faded altar of an unknown god.
  1252 | D:2      | Reached XP level 3. HP: 28/28 MP: 4/6
  1256 | D:2      | Learned a level 3 spell: Mephitic Cloud
  1260 | D:2      | Learned a level 3 spell: Ignite Poison
  1462 | D:2      | Found Ixaecsysch's Antique Armour Shoppe.
  1965 | D:3      | Reached XP level 4. HP: 32/36 MP: 1/8
  1965 | D:3      | Quit the game

Illustrated notes

Levels and vault maps discovered:
D:1:      psy_arrival_statuary, layout_loops_corners
D:2:      layout_rooms, basic_ecumenical_altar, serial_shops, shop_fountains,
          dk_noncrumbling_4, minmay_tromino_i4
D:3:      layout_basic, okawaru_altar_gauntlet_db, bloody_makhleb,
          kennysheep_minor_cross, minivault_19, uniq_grinder

Skill      XL: |  1  2  3 |
---------------+----------+-----
Conjurations   | 1 2 |  2.5
Spellcasting   | 3 |  3.2
Dodging        | |  1.5
Stealth        | |  3.0
Transmutations | |  1.0
Poison Magic   | |  4.0

Action                   |  1- 3 |  4- 6 || total
-------------------------+-------+-------++-------
Melee: Hand axe          |     4 |       ||     4
       Trident           |     4 |       ||     4
Throw: Stone             |    11 |       ||    11
 Cast: Sting             |    34 |       ||    34
       Mephitic Cloud    |     2 |       ||     2
 Abil: Spit Poison       |    35 |       ||    35
  Use: Scroll            |     3 |       ||     3
       Potion            |     1 |       ||     1
Armor: Robe              |     5 |       ||     5
Dodge: Dodged            |    17 |       ||    17

Table legend: (Time is in decaauts)
 A = Elapsed time spent in this place.
 B = Non-inter-level travel time spent in this place.
 C = Inter-level travel time spent in this place.
 D = Time resting spent in this place.
 E = Time spent auto-exploring this place.
 F = Levels seen in this place.
 G = Mean time per level.
                   A        B        C        D        E       F      G
               +--------+--------+--------+--------+--------+-----+--------+
         Total |   2463 |   2382 |     81 |    519 |    758 |   3 |  821.0 |
       Dungeon |   2463 |   2382 |     81 |    519 |    758 |   3 |  821.0 |
               +--------+--------+--------+--------+--------+-----+--------+

Top non-repeatable levels by time:
     D:1: 1364 daAuts
     D:2: 941 daAuts
     D:3: 157 daAuts
